 Dungeon Crawl Stone Soup version 0.23.1 (webtiles) character file.

Game seed: 5457878068683916852

88 night the Insei (level 4, -1/35 HPs)
             Began as a Demonspawn Monk on Mar 6, 2019.
             Slain by Sigmund
             ... wielding a +0 scythe
              (8 damage)
             ... on level 2 of the Dungeon.
             The game lasted 00:03:51 (2419 turns).

night the Insei (Demonspawn Monk)                   Turns: 2419, Time: 00:03:52

Health: -1/35      AC:  4    Str: 12    XL:     4   Next: 29%
Magic:  4/4        EV: 12    Int: 12    God:
Gold:   120        SH:  0    Dex: 15    Spells: 3/3 levels left

rFire    + . .     SeeInvis .     - Unarmed
rCold    . . .     Gourm    .   (no shield)
rNeg     . . .     Faith    .   r - +0 leather armour {rF+}
rPois    .         Spirit   .   n - +0 helmet (curse)
rElec    .         Reflect  .   (no cloak)
rCorr    .         Harm     .   (no gloves)
MR       .....                  (no boots)
Stlth    ++........             (no amulet)
HPRegen  0.11/turn              (no ring)
MPRegen  0.09/turn              (no ring)

@: no status effects
A: spiny 1
a: no special abilities


You were on level 2 of the Dungeon.
You were hungry.

You visited 1 branch of the dungeon, and saw 2 of its levels.

You collected 120 gold pieces.

Inventory:

Hand Weapons
 p - a +0 hunting sling
Missiles
 e - 98 stones (quivered)
 m - 68 arrows
Armour
 n - a cursed +0 helmet (worn)
 r - a +0 leather armour of fire resistance (worn)
Scrolls
 c - 2 scrolls of amnesia {unknown}
 d - a scroll of teleportation {unknown}
 f - 3 scrolls of identify {unknown}
 h - 2 scrolls of magic mapping {unknown}
 j - a scroll of enchant weapon {unknown}
 k - a scroll of fear {unknown}
 l - a scroll of remove curse {unknown}
 o - a scroll of noise {unknown}
Potions
 g - a potion of heal wounds
 i - a potion of magic
 q - a potion of degeneration {unknown}
Comestibles
 b - 6 rations


   Skills:
 - Level 3.0 Fighting
 - Level 2.6 Dodging
 - Level 1.7 Stealth
 + Level 4.7 Unarmed Combat


You had 3 spell levels left.
You didn't know any spells.
Your spell library was empty.

Dungeon Overview and Level Annotations

Branches:
Dungeon (2/15)

Altars:
Gozag

Annotations:
D:2 Sigmund


Innate Abilities, Weirdness & Mutations

You are partially covered in sharp spines.


Message History

Sigmund whispers, "You'll know eternity soon."
Sigmund barely misses you. The hobgoblin hits you.
You hit the hobgoblin.
You kill the hobgoblin!
Sigmund hits you with a +0 scythe!
You closely miss Sigmund.
Sigmund is moderately wounded.
You closely miss Sigmund.
Sigmund is moderately wounded.
Sigmund is struck by your spines. Sigmund hits you with a +0 scythe.
You hit Sigmund.
Sigmund is heavily wounded.
Sigmund is struck by your spines. Sigmund hits you with a +0 scythe!
* * * LOW HITPOINT WARNING * * *
You hit Sigmund.
Sigmund is heavily wounded.
You hit Sigmund.
Sigmund is severely wounded.
Sigmund is struck by your spines. Sigmund hits you with a +0 scythe!
You die...

#### ..# #.# ###.###
#.....# ####.###.###
#@@..# #...#
#.##.###.#.#
#.#.#.....#.########
.>#
#....###........#
### #.#####
########.# #.# #.#
#######.# #.#
#.......# #.#
#.####### #.#


You could see Sigmund.

Vanquished Creatures
  Robin (D:2)
  2 adders (D:2)
  A worm (D:2)
  2 dart slugs
  5 bats
  9 goblins
  7 hobgoblins
  6 jackals (D:1)
  4 frilled lizards (D:2)
  6 kobolds
  6 rats
49 creatures vanquished.

Notes
Turn   | Place    | Note
-------+----------+-------------------------------------------
     0 | D:1      | night the Demonspawn Monk began the quest for the Orb.
     0 | D:1      | Reached XP level 1. HP: 18/18 MP: 1/1
   229 | D:1      | Reached skill level 3 in Unarmed Combat
   500 | D:1      | Gained mutation: You are partially covered in sharp spines.
                  | [demonic ancestry]
   500 | D:1      | Reached XP level 2. HP: 18/24 MP: 2/2
  1358 | D:2      | Reached XP level 3. HP: 27/29 MP: 3/3
  1364 | D:2      | Found an opulent altar of Gozag.
  1576 | D:2      | Reached skill level 4 in Unarmed Combat
  1700 | D:2      | Noticed Robin
  2038 | D:2      | Killed Robin
  2041 | D:2      | Reached XP level 4. HP: 31/35 MP: 4/4
  2406 | D:2      | Noticed Sigmund
  2419 | D:2      | Slain by Sigmund

Skill      XL: |  1  2  3 |
---------------+----------+-----
Unarmed Combat | 3 4 |  4.7
Fighting       | |  3.0
Dodging        | |  2.6
Stealth        | |  1.7

Action                   |  1- 3 |  4- 6 || total
-------------------------+-------+-------++-------
Melee: Unarmed           |   112 |    30 ||   142
       Punch             |     3 |       ||     3
Throw: Stone             |     2 |       ||     2
  Use: Potion            |     2 |       ||     2
 Stab: Sleeping          |     6 |       ||     6
  Eat: Chunk             |     2 |     2 ||     4
Armor: Robe              |    18 |     1 ||    19
       Leather armour    |       |     2 ||     2
Dodge: Dodged            |    69 |     9 ||    78
